3AA
VIRGINIA BEACH DEUCES @ SAN ANTONIO BC
08/19/2024
 
TOP OF THE 1ST
Virginia Beach Deuces batting - Pitching for San Antonio BC : RHP Michael Taylor
Pitching: RHP Michael Taylor
Batting: RHB Aurelio Álvarez 0-0: Ball
1-0: Ground out 5-3 (Groundball, 5)
Batting: SHB Esteban Márquez 0-0: Called Strike
0-1: Fly out, F8 (Flyball, 89M)
Batting: RHB Lorenzo Ramírez 0-0: Ball
1-0: Ball
2-0: Ball
3-0: Base on Balls
Batting: RHB Luis Jelarde 0-0: Called Strike
0-1: Ball
1-1: Fielders Choice at 2nd, U4 (Groundball, 4M)
Top of the 1st over - 0 run(s), 0 hit(s), 0 error(s), 1 left on base; Virginia Beach 0 - San Antonio 0
BOTTOM OF THE 1ST
San Antonio BC batting - Pitching for Virginia Beach Deuces : RHP Mark Bell
Pitching: RHP Mark Bell
Batting: RHB Daniel Drake 0-0: Ball
1-0: Called Strike
1-1: Ball
2-1: Foul Ball, location: 2F
2-2: Ball
3-2: Foul Ball, location: 2F
3-2: Ground out 6-3 (Groundball, 6)
Batting: RHB Alfredo Mojica 0-0: Ball
1-0: Called Strike
1-1: Foul Ball, location: 2F
1-2: Fly out, F7 (Line Drive, 7LM)
Batting: RHB Ludovico Trezza 0-0: Called Strike
0-1: Foul Ball, location: 2F
0-2: Ball
1-2: Ball
2-2: Foul Ball, location: 2F
2-2: Ball
3-2: Foul Ball, location: 2F
3-2: Foul Ball, location: 2F
3-2: Base on Balls
Batting: SHB Lionel Merlet 0-0: Ball
Ludovico Trezza is caught stealing 2nd base
Bottom of the 1st over - 0 run(s), 0 hit(s), 0 error(s), 0 left on base; Virginia Beach 0 - San Antonio 0
TOP OF THE 2ND
Virginia Beach Deuces batting - Pitching for San Antonio BC : RHP Michael Taylor
Batting: SHB Luis Manuel Flores 0-0: Ball
1-0: Called Strike
1-1: Swinging Strike
1-2: Strikes out swinging
Batting: LHB Curt Wilson 0-0: Foul Ball, location: 2F
0-1: Swinging Strike
0-2: Ball
1-2: Ground out 4-3 (Groundball, 4)
Batting: RHB Daniel Ruíz 0-0: Called Strike
0-1: Called Strike
0-2: Foul Ball, location: 2F
0-2: Ball
1-2: SINGLE (Groundball, 4S) (infield hit)
Batting: RHB Robert Emmet Odlum 0-0: Ball
1-0: Ball
2-0: Ball
3-0: Called Strike
3-1: SINGLE (Groundball, 5L) (infield hit)
Daniel Ruíz to second
Batting: SHB Carlos Pérez 0-0: DOUBLE (Line Drive, 89D)
Daniel Ruíz scores
Robert Emmet Odlum to third
Batting: RHB Aurelio Álvarez 0-0: Ball
Wild Pitch!
Robert Emmet Odlum scores
Carlos Pérez to third
1-0: Called Strike
1-1: Swinging Strike
1-2: SINGLE (Groundball, 56)
Carlos Pérez scores
Batting: SHB Esteban Márquez 0-0: Called Strike
0-1: Ball
1-1: Ball
2-1: Fly out, F5 (Line Drive, 56)
Top of the 2nd over - 3 run(s), 4 hit(s), 0 error(s), 1 left on base; Virginia Beach 3 - San Antonio 0
BOTTOM OF THE 2ND
San Antonio BC batting - Pitching for Virginia Beach Deuces : RHP Mark Bell
Batting: SHB Lionel Merlet 0-0: Called Strike
0-1: Ball
1-1: SOLO HOME RUN (Flyball, 9D), Distance : 362 ft
Batting: RHB Alfonso Bocanegra 0-0: Called Strike
0-1: Foul Ball, location: 2F
0-2: Foul Ball, location: 2F
0-2: Foul Ball, location: 2F
0-2: Ball
1-2: Ball
2-2: Ball
3-2: Fly out, F8 (Flyball, 8RM)
Batting: LHB Earl Wiley 0-0: Ball
1-0: Ball
2-0: Ground out 1-3 (Groundball, 15)
Batting: RHB Luis González 0-0: Called Strike
0-1: Foul Ball, location: 2F
0-2: Strikes out swinging
Bottom of the 2nd over - 1 run(s), 1 hit(s), 0 error(s), 0 left on base; Virginia Beach 3 - San Antonio 1
TOP OF THE 3RD
Virginia Beach Deuces batting - Pitching for San Antonio BC : RHP Michael Taylor
Batting: RHB Lorenzo Ramírez 0-0: SINGLE (Groundball, 56D)
Batting: RHB Luis Jelarde 0-0: Fly out, F8 (Flyball, 8LD)
Batting: SHB Luis Manuel Flores 0-0: Called Strike
0-1: Fly out, F5 (Popup, 5F)
Batting: LHB Curt Wilson 0-0: Swinging Strike
0-1: Ball
1-1: Ball
2-1: Foul Ball, location: 2F
2-2: Strikes out swinging
Top of the 3rd over - 0 run(s), 1 hit(s), 0 error(s), 1 left on base; Virginia Beach 3 - San Antonio 1
BOTTOM OF THE 3RD
San Antonio BC batting - Pitching for Virginia Beach Deuces : RHP Mark Bell
Batting: RHB Martín Álvarez 0-0: Ball
1-0: Ball
2-0: Fly out, F8 (Line Drive, 8RM)
Batting: RHB Rodney Hanna 0-0: Foul Ball, location: 2F
0-1: Swinging Strike
0-2: Foul Ball, location: 2F
0-2: Ball
1-2: Ball
2-2: Foul Ball, location: 2F
2-2: Ball
3-2: Foul Ball, location: 2F
3-2: Base on Balls
Batting: RHB Daniel Drake 0-0: Called Strike
0-1: Ball
1-1: Ball
2-1: Foul Ball, location: 2F
2-2: Strikes out swinging
Batting: RHB Alfredo Mojica 0-0: Foul Ball, location: 2F
0-1: Ball
1-1: SINGLE (Groundball, 34S)
Rodney Hanna to second
Runner from 2nd tries for 3rd, SAFE, no throw or cutoff
Batting: RHB Ludovico Trezza 0-0: Foul Ball, location: 2F
0-1: Ball
1-1: Fly out, F8 (Flyball, 8LM)
Bottom of the 3rd over - 0 run(s), 1 hit(s), 0 error(s), 2 left on base; Virginia Beach 3 - San Antonio 1
TOP OF THE 4TH
Virginia Beach Deuces batting - Pitching for San Antonio BC : RHP Michael Taylor
Batting: RHB Daniel Ruíz 0-0: Called Strike
0-1: Ball
1-1: Called Strike
1-2: Ball
2-2: Fly out, F3 (Popup, 3L)
Batting: RHB Robert Emmet Odlum 0-0: Called Strike
0-1: Ball
1-1: Ground out 5-3 (Groundball, 56)
Batting: SHB Carlos Pérez 0-0: Ball
1-0: Foul Ball, location: 2F
1-1: Swinging Strike
1-2: Foul Ball, location: 2F
1-2: Strikes out swinging
Top of the 4th over - 0 run(s), 0 hit(s), 0 error(s), 0 left on base; Virginia Beach 3 - San Antonio 1
BOTTOM OF THE 4TH
San Antonio BC batting - Pitching for Virginia Beach Deuces : RHP Mark Bell
Batting: SHB Lionel Merlet 0-0: Ball
1-0: Fly out, F8 (Flyball, 8LM)
Batting: RHB Alfonso Bocanegra 0-0: Ball
1-0: Called Strike
1-1: SINGLE (Line Drive, 6M)
Batting: LHB Earl Wiley 0-0: Called Strike
Pickoff Throw by Catcher to First - Out!
0-1: Ball
1-1: Ground out 5-3 (Groundball, 56)
Bottom of the 4th over - 0 run(s), 1 hit(s), 0 error(s), 0 left on base; Virginia Beach 3 - San Antonio 1
TOP OF THE 5TH
Virginia Beach Deuces batting - Pitching for San Antonio BC : RHP Michael Taylor
Batting: RHB Aurelio Álvarez 0-0: Called Strike
0-1: Called Strike
0-2: SINGLE (Line Drive, 6M)
Batting: SHB Esteban Márquez 0-0: Called Strike
0-1: Ball
1-1: Ball
Aurelio Álvarez is caught stealing 2nd base
2-1: Foul Ball, location: 2F
2-2: SINGLE (Line Drive, 9S)
Batting: RHB Lorenzo Ramírez 0-0: Foul Ball, location: 2F
0-1: Grounds into double play, 5-4-3 (Groundball, 5)
Top of the 5th over - 0 run(s), 2 hit(s), 0 error(s), 0 left on base; Virginia Beach 3 - San Antonio 1
BOTTOM OF THE 5TH
San Antonio BC batting - Pitching for Virginia Beach Deuces : RHP Mark Bell
Batting: RHB Luis González 0-0: Ground out 6-3 (Groundball, 6)
Batting: RHB Martín Álvarez 0-0: Called Strike
0-1: Ground out 6-3 (Groundball, 6)
Batting: RHB Rodney Hanna 0-0: Ball
1-0: Swinging Strike
1-1: Ball
2-1: SINGLE (Line Drive, 9S)
Batting: RHB Daniel Drake 0-0: Ball
1-0: Foul Ball, location: 2F
1-1: Foul Ball, location: 2F
1-2: Ball
2-2: Strikes out swinging
Bottom of the 5th over - 0 run(s), 1 hit(s), 0 error(s), 1 left on base; Virginia Beach 3 - San Antonio 1
TOP OF THE 6TH
Virginia Beach Deuces batting - Pitching for San Antonio BC : RHP Michael Taylor
Batting: RHB Luis Jelarde 0-0: Ball
1-0: Swinging Strike
1-1: Fly out, F6 (Line Drive, 6)
Batting: SHB Luis Manuel Flores 0-0: Called Strike
0-1: Called Strike
0-2: Foul Ball, location: 2F
0-2: Ball
1-2: Foul Ball, location: 2F
1-2: Ball
2-2: Strikes out looking
Batting: LHB Curt Wilson 0-0: Ground out 3-1 (Groundball, 34)
Top of the 6th over - 0 run(s), 0 hit(s), 0 error(s), 0 left on base; Virginia Beach 3 - San Antonio 1
BOTTOM OF THE 6TH
San Antonio BC batting - Pitching for Virginia Beach Deuces : RHP Mark Bell
Batting: RHB Alfredo Mojica 0-0: Called Strike
0-1: Foul Ball, location: 2F
0-2: Foul Ball, location: 2F
0-2: Ball
1-2: Ball
2-2: Fly out, F7 (Flyball, 78M)
Batting: RHB Ludovico Trezza 0-0: SINGLE (Line Drive, 8LS)
Batting: SHB Lionel Merlet 0-0: Ball
Ludovico Trezza is caught stealing 2nd base
1-0: Fly out, F6 (Popup, 6)
Bottom of the 6th over - 0 run(s), 1 hit(s), 0 error(s), 0 left on base; Virginia Beach 3 - San Antonio 1
TOP OF THE 7TH
Virginia Beach Deuces batting - Pitching for San Antonio BC : RHP Michael Taylor
Batting: RHB Daniel Ruíz 0-0: Called Strike
0-1: Ball
1-1: Called Strike
1-2: Foul Ball, location: 2F
1-2: Foul Ball, location: 2F
1-2: Ball
2-2: Foul Ball, location: 2F
2-2: Strikes out swinging
Batting: RHB Robert Emmet Odlum 0-0: Ground out 5-3 (Groundball, 5S)
Batting: SHB Carlos Pérez 0-0: Fly out, F8 (Flyball, 8RM)
Top of the 7th over - 0 run(s), 0 hit(s), 0 error(s), 0 left on base; Virginia Beach 3 - San Antonio 1
BOTTOM OF THE 7TH
San Antonio BC batting - Pitching for Virginia Beach Deuces : RHP Mark Bell
Batting: RHB Alfonso Bocanegra 0-0: Ball
1-0: Ground out 6-3 (Groundball, 6)
Batting: LHB Earl Wiley 0-0: Ball
1-0: Fly out, F8 (Flyball, 78M)
Batting: RHB Luis González 0-0: Called Strike
0-1: Ball
1-1: Ball
2-1: Ball
3-1: Foul Ball, location: 2F
3-2: Base on Balls
Batting: RHB Martín Álvarez 0-0: Ball
1-0: Ball
2-0: Foul Ball, location: 2F
2-1: Ball
3-1: Base on Balls
Luis González to second
Batting: RHB Rodney Hanna 0-0: Ball
1-0: Ground out 4-3 (Groundball, 4)
Bottom of the 7th over - 0 run(s), 0 hit(s), 0 error(s), 2 left on base; Virginia Beach 3 - San Antonio 1
TOP OF THE 8TH
Virginia Beach Deuces batting - Pitching for San Antonio BC : RHP Michael Taylor
Batting: RHB Aurelio Álvarez 0-0: Ball
1-0: Foul Ball, location: 2F
1-1: Fly out, F7 (Flyball, 7M)
Batting: SHB Esteban Márquez 0-0: Ball
1-0: Ball
2-0: Called Strike
2-1: Foul Ball, location: 2F
2-2: Foul Ball, location: 2F
2-2: Ball
3-2: Foul Ball, location: 2F
3-2: Foul Ball, location: 2F
3-2: Base on Balls
Batting: RHB Lorenzo Ramírez 0-0: Foul Ball, location: 2F
0-1: 2-RUN HOME RUN (Line Drive, 7D), Distance : 399 ft
Pitching: RHP Pedro Poey
Batting: RHB Luis Jelarde 0-0: Ball
1-0: Ball
2-0: Foul Ball, location: 2F
2-1: Ground out 5-3 (Groundball, 56)
Batting: SHB Luis Manuel Flores 0-0: Fly out, F6 (Line Drive, 6D)
Top of the 8th over - 2 run(s), 1 hit(s), 0 error(s), 0 left on base; Virginia Beach 5 - San Antonio 1
BOTTOM OF THE 8TH
San Antonio BC batting - Pitching for Virginia Beach Deuces : RHP Mark Bell
Pitching: LHP José Carrasco
Batting: RHB Daniel Drake 0-0: Swinging Strike
0-1: Called Strike
0-2: Ball
1-2: Ball
2-2: Strikes out swinging
Batting: RHB Alfredo Mojica 0-0: Ball
1-0: Ground out 6-3 (Groundball, 6M)
Batting: RHB Ludovico Trezza 0-0: Ground out 4-3 (Groundball, 34D)
Bottom of the 8th over - 0 run(s), 0 hit(s), 0 error(s), 0 left on base; Virginia Beach 5 - San Antonio 1
TOP OF THE 9TH
Virginia Beach Deuces batting - Pitching for San Antonio BC : RHP Pedro Poey
Batting: LHB Curt Wilson 0-0: Ground out 4-3 (Groundball, 4M)
Batting: RHB Daniel Ruíz 0-0: Ball
1-0: Ball
2-0: SINGLE (Groundball, 34D)
Batting: RHB Robert Emmet Odlum 0-0: Called Strike
0-1: Ball
1-1: Ball
2-1: Grounds into double play, U4-3 (Groundball, 4)
Top of the 9th over - 0 run(s), 1 hit(s), 0 error(s), 0 left on base; Virginia Beach 5 - San Antonio 1
BOTTOM OF THE 9TH
San Antonio BC batting - Pitching for Virginia Beach Deuces : LHP José Carrasco
Batting: SHB Lionel Merlet 0-0: Called Strike
0-1: Ball
1-1: Ball
2-1: Foul Ball, location: 2F
2-2: Foul Ball, location: 2F
2-2: Reached on error, E5 (Groundball, 56)
Batting: RHB Alfonso Bocanegra 0-0: Called Strike
0-1: Ball
1-1: Ball
2-1: Called Strike
2-2: Strikes out swinging
Batting: LHB Earl Wiley 0-0: Foul Ball, location: 2F
0-1: Fly out, F8 (Flyball, 8RM)
Batting: RHB Luis González 0-0: Ground out 6-3 (Groundball, 6)
Bottom of the 9th over - 0 run(s), 0 hit(s), 1 error(s), 1 left on base; Virginia Beach 5 - San Antonio 1
This league is powered by Out of the Park Baseball, the baseball management simulation game for PC, Mac and Linux
Monday, October 3rd, 2016 - OOTP Baseball 16.9 Build 39